 Dungeon Crawl Stone Soup version 0.31-a0-233-g139696dc86 (webtiles) character file.

Game seed: 10960606375846349454

172 qw the Shooter (level 5, -2/45 HPs)
             Began as a Minotaur Hexslinger on July 8, 2023.
             Was an Initiate of Okawaru.
             Slain by an ice beast (12 damage)
             ... on level 4 of the Dungeon.
             The game lasted 00:01:07 (2616 turns).

qw the Shooter (Minotaur Hexslinger)                Turns: 2616, Time: 00:01:08

Health: -2/45      AC:  5    Str: 13    XL:     5   Next: 27%
Magic:  5/5        EV: 11    Int: 10    God:    Okawaru [......]
Gold:   111        SH:  0    Dex: 14    Spells: 5/6 levels left

rFire   . . .        Y - +2 sling
rCold   . . .        (no shield)
rNeg    . . .        i - +0 ring mail
rPois   .            (helmet restricted)
rElec   .            (no cloak)
rCorr   .            (no gloves)
SInv    .            (no boots)
Will    .....        (no amulet) Stlth
                     (no ring)
HPRegen 0.27/turn    (no ring)
MPRegen 0.09/turn

%: no passive effects
@: confused
A: horns 2, retaliatory headbutt
a: Renounce Religion


You were on level 4 of the Dungeon.
You worshipped Okawaru.
Okawaru was noncommittal.
You visited 1 branch of the dungeon, and saw 4 of its levels.

You collected 181 gold pieces.
You spent 70 gold pieces at shops.


Innate Abilities, Weirdness & Mutations

You have a pair of horns on your head.
You reflexively headbutt those who attack you in melee.


   Skills:
 - Level 3.0 Fighting
 + Level 5.3 Ranged Weapons
 - Level 1.0 Armour
 - Level 2.1 Dodging
 - Level 1.0 Spellcasting
 - Level 2.0 Hexes


You had 5 spell levels left.
You knew the following spells:

 Your Spells              Type           Power      Damage    Failure   Level
a - Slow                  Hex            16%        N/A       32%         1

Your spell library contained the following spells:

 Spells                   Type           Power      Damage    Failure   Level
 Inner Flame              Hex/Fire       2%         N/A       82%         3
 Portal Projectile        Hex/Tloc       4%         N/A       82%         3
 Cause Fear               Hex            2%         N/A       97%         4

Inventory:

Hand Weapons
 Y - a +2 sling (weapon)
Armour
 i - a +0 ring mail (worn)
Jewellery
 k - an amulet of regeneration
Scrolls
 e - 2 scrolls of identify
 g - a scroll of teleportation {unknown}
 h - a scroll of fear {unknown}
 l - a scroll of summoning {unknown}
Potions
 a - a potion of attraction {unknown}
 b - a potion of curing {unknown}
 c - a potion of might {unknown}
 d - a potion of enlightenment {unknown}
 j - a potion of resistance {unknown}

Dungeon Overview and Level Annotations

Branches:
Dungeon (4/15)
 Temple: D:4-7

Altars:
Okawaru

Shops:
D:2 *


Message History

The kobold hits you but does no damage.
You shoot a sling bullet.
The sling bullet closely misses the ice beast.
The sling bullet hits the orc wizard.
The orc wizard is lightly wounded.
The ball python bites you but does no damage.
The ball python closely misses you. The ice beast closely misses you.
You furiously retaliate!
You headbutt the ice beast! The kobold misses you. You furiously retaliate!
You headbutt the kobold!
You kill the kobold!
Okawaru accepts your kill.
The ball python bites you but does no damage.
The ball python grabs you. The ball python constricts you.
You shoot a sling bullet. The sling bullet hits the ball python!
You kill the ball python!
Okawaru accepts your kill.
You hear a shout!
The ice beast barely misses you.
An orc comes into view. It is wielding a +0 club.
The ice beast closely misses you.
The orc wizard points at you and mumbles some strange words.
The puff of flame hits you!
2612 ||| DRINKING potion of heal wounds.
You feel much better. The orc wizard casts a spell at you.
You resist with some effort. The ice beast barely misses you.
You shoot a sling bullet.
The sling bullet barely misses the ice beast.
The sling bullet barely misses the orc.
The orc wizard casts a spell at you.
You are confused.
The ice beast hits you. The ice beast freezes you!
The orc wizard hits you with a +0 dagger.
The orc barely misses you. The ice beast closely misses you.
The orc barely misses you. The ice beast hits you. The ice beast freezes you!
The orc wizard hits you but does no damage.
An orc wizard comes into view. It is wielding a +0 dagger.
The orc completely misses you. The ice beast hits you.
The ice beast freezes you!
You die...

#.........##.#
#.8.....8.##.##
#.............#
#.....>(..##.##
####.........##.#
##....[.......##.#
##...............#
##....8.....8.#..#
##............##@#
)..............oYo..#
##...........###.####
.#...........# ...
..########### .#. #.#
.. o. #.# ## .. #.#
... #..


You could see an ice beast, 2 orc wizards and an orc.

Vanquished Creatures
  3 gnolls (D:3)
  4 adders
  3 worms (D:2)
  9 orcs
  6 ball pythons
  9 endoplasms
  3 giant cockroaches
  8 goblins
  4 hobgoblins
  6 jackals
  4 quokkas
  7 bats
  10 kobolds
  6 rats
82 creatures vanquished.

Notes
Turn   | Place    | Note
-------+----------+-------------------------------------------
     0 | D:1      | qw the Minotaur Hexslinger began the quest for the Orb.
     0 | D:1      | Reached XP level 1. HP: 16/16 MP: 1/1
     0 | D:1      | 0 ||| qw: Version: 0.3-a-46-gb1f654a
     0 | D:1      | 0 ||| qw: Game counter: 3437
     0 | D:1      | 0 ||| qw: Melee chars always use a shield: true
     0 | D:1      | 0 ||| qw: God list: Okawaru
     0 | D:1      | 0 ||| qw: Allow faded altars: false
     0 | D:1      | 0 ||| qw: Do Orc after clearing Dungeon:15 true
     0 | D:1      | 0 ||| qw: Do second Lair branch before Depths: true
     0 | D:1      | 0 ||| qw: Lair rune preference: random
     0 | D:1      | 0 ||| qw: Goals: Normal
     0 | D:1      | 0 ||| PLANNING D:1-11
   105 | D:1      | Reached skill level 3 in Ranged Weapons
   105 | D:1      | Reached XP level 2. HP: 23/23 MP: 2/2
   416 | D:1      | 416 ||| UPGRADING to +0 leather armour.
   426 | D:1      | 426 ||| DROPPING +0 robe.
   427 | D:1      | 427 ||| UPGRADING to +0 ring mail.
   437 | D:1      | 437 ||| DROPPING +0 leather armour.
   438 | D:1      | 438 ||| READING scroll labelled QAGHERR NOAGI.
   539 | D:1      | 539 ||| READING scroll labelled KOQUAWK ZIWUU.
   540 | D:1      | 540 ||| READING scroll labelled SELUON UFFAFA.
   541 | D:1      | 541 ||| DROPPING scroll of poison.
   721 | D:2      | Reached XP level 3. HP: 22/29 MP: 3/3
   943 | D:2      | Found an iron altar of Okawaru.
   944 | D:2      | 944 ||| PLANNING OKAWARU WORSHIP
   944 | D:2      | 944 ||| READING scroll labelled JOT OLIWIAC.
   945 | D:2      | 945 ||| READING scroll labelled LICLETATUD.
   946 | D:2      | 946 ||| READING scroll labelled TEFOIT RIUS.
   966 | D:2      | Became a worshipper of Warmaster Okawaru
   967 | D:2      | 967 ||| PLANNING D:1-11
  1007 | D:2      | Reached skill level 4 in Ranged Weapons
  1076 | D:2      | Reached skill level 1 in Armour
  1079 | D:2      | 1079 ||| FLEEEEING.
  1558 | D:2      | Reached XP level 4. HP: 36/36 MP: 4/4
  1565 | D:2      | Found Bepram's General Store.
  1569 | D:2      | 1569 ||| BUYING potion of heal wounds (70 gold).
  1569 | D:2      | Bought a potion of heal wounds for 70 gold pieces
  1569 | D:2      | 1569 ||| SHOPLISTING potion of heal wounds (70 gold, have
                  | 10).
  1569 | D:2      | 1569 ||| SHOPLISTING scroll of enchant weapon (105 gold,
                  | have 10).
  1569 | D:2      | 1569 ||| SHOPLISTING scroll of identify (28 gold, have 10).
  1709 | D:3      | 1709 ||| Stepping ~*~*~tactically~*~*~ (outnumbered).
  1725 | D:3      | HP: 9/36 [gnoll/+0 spear (4)]
  1726 | D:3      | 1726 ||| DRINKING 2 potions of heal wounds.
  1732 | D:3      | Reached skill level 5 in Ranged Weapons
  2055 | D:3      | Found a faded altar of an unknown god.
  2246 | D:3      | Reached skill level 3 in Fighting
  2246 | D:3      | Reached XP level 5. HP: 42/45 MP: 5/5
  2602 | D:4      | Noticed an ice beast
  2611 | D:4      | HP: 9/45 [orc wizard/puff of flame (7)]
  2612 | D:4      | 2612 ||| DRINKING potion of heal wounds.
  2616 | D:4      | HP: 10/45 [ice beast (3)]
  2616 | D:4      | Slain by an ice beast

Levels and vault maps discovered:
D:1:      nzn_arrival_settlement, layout_basic
D:2:      layout_loops_corners, serial_shops, shop, basic_altar,
          minmay_misc_feat_encased, minmay_heptomino_w4
D:3:      layout_loops_ring, hellmonk_ecumenical_altar_dog_temple
D:4:      layout_basic, st_stairs_1, minmay_misc_feat_alley, uniq_natasha

Skill      XL: |  1  2  3  4 |
---------------+-------------+-----
Ranged Weapons | 3 4 5 |  5.3
Fighting       | 2 3 |  3.0
Armour         | 1 |  1.0
Dodging        | |  2.1
Spellcasting   | |  1.0
Hexes          | |  2.0

Action                     |  1- 3 |  4- 6 || total
---------------------------+-------+-------++-------
   Fire: Sling             |   148 |   117 ||   265
    Use: Scroll            |     6 |       ||     6
         Potion            |       |     2 ||     2
 Armour: Robe              |     9 |       ||     9
         Ring mail         |    11 |    18 ||    29
  Dodge: Dodged            |    41 |    47 ||    88

Table legend:
 A = Non-vault XP
 B = Vault XP
 C = Vault XP percentage of total XP
 D = Non-vault monster count
 E = Vault monster count
 F = Vault count percentage of total count
                 A         B        C        D         E       F
            +---------+---------+-------+---------+---------+-------
      Total |     223 |      24 |   9.7 |      70 |      12 |  14.6
            +---------+---------+-------+---------+---------+-------
        D:1 |      36 |       0 |   0.0 |      22 |       0 |   0.0
        D:2 |      54 |      14 |  20.6 |      13 |       7 |  35.0
        D:3 |      95 |       6 |   5.9 |      23 |       3 |  11.5
        D:4 |      38 |       4 |   9.5 |      12 |       2 |  14.3
            +---------+---------+-------+---------+---------+-------
